Map: Eternal Empire LE

Players

Denver

  • Race: Zerg Zerg
  • Spawn Location: 1:00

soO - Winner!

  • Race: Zerg Zerg
  • Spawn Location: 7:00

Event: StayAtHomestory Cup #2

VOD

Have the link to the VOD?

Description

Time

  • Played on: June 11, 2020, 5:33 a.m.
  • Length: 6:55

All games in this series

Show
View Real Time Build Order
Export as new Build Order

Denver Zerg 

Build Orders: Hatch First 

Get SALT Encoding   

  12  0:00  Drone  
  13  0:13  Overlord  
  13  0:17  Drone  
  14  0:31  Drone x2  
  16  0:48  Hatchery  
  15  0:52  Drone  
  15  0:56  Drone  
  17  1:00  Drone  
  18  1:10  Extractor  
  17  1:15  Spawning Pool  
  17  1:18  Drone  
  17  1:21  Drone  
  18  1:30  Drone  
  19  1:40  Drone  
  20  1:50  Drone  
  21  2:01  Overlord  
  21  2:02  Queen x2  
  21  2:03  Zergling x2  
  26  2:10  Metabolic Boost  
  26  2:13  Drone  
  26  2:14  Drone  
  28  2:22  Drone  
  29  2:23  Zergling x2  
  30  2:36  Hatchery  
  29  2:38  Drone  
  30  2:46  Drone, Baneling Nest  
  30  2:49  Drone  
  31  2:54  Overlord  
  31  2:57  Drone  
  32  3:01  Zergling x2  
  32  3:05  Drone  
  34  3:11  Drone x2  
  36  3:13  Drone x3  
  39  3:20  Zergling x4  
  39  3:22  Drone x2  
  43  3:31  Overlord  
  43  3:33  Evolution Chamber  
  41  3:36  Baneling x2  
  41  3:40  Drone  
  42  3:43  Drone  
  42  3:47  Queen  
  45  3:49  Zergling x6  
  45  3:50  Drone  
  45  3:51  Drone  
  51  3:55  Drone x3  
  51  4:01  Zerg Missile Weapons Level 1  
  51  4:02  Drone  
  54  4:04  Drone x2  
  56  4:10  Roach Warren  
  56  4:14  Lair  
  56  4:16  Drone  
  56  4:19  Overlord  
  56  4:22  Overlord  
  56  4:27  Extractor  
  56  4:29  Drone x3  
  58  4:34  Overlord  
  58  4:37  Extractor  
  56  4:38  Extractor  
  56  4:40  Zergling x8  
  56  4:45  Drone x3  
  62  4:47  Drone x2  
  62  4:50  Zergling x6  
  67  4:55  Queen  
  69  5:00  Overlord  
  68  5:07  Queen  
  68  5:13  Nydus Network  
  68  5:14  Roach x4  
  70  5:20  Roach x2, Overlord  
  74  5:28  Roach x3  
  80  5:30  Overlord  
  80  5:34  Roach x2  
  83  5:38  Roach  
  89  5:42  Roach  
  89  5:43  Roach  
  89  5:46  Queen  
  91  5:54  Nydus Canal  
  80  6:05  Roach  
  80  6:06  Roach x3, Queen  
  80  6:10  Drone  
  80  6:11  Drone x7  
  95  6:17  Nydus Canal  
  83  6:40  Drone x2  
  83  6:41  Drone x8  
  87  6:53  Spore Crawler  
Show
View Real Time Build Order
Export as new Build Order

soO Zerg - Winner!

Build Orders: Hatch First 

Get SALT Encoding   

  12  0:01  Drone  
  13  0:12  Overlord  
  13  0:17  Drone  
  14  0:30  Drone x2  
  16  0:47  Hatchery  
  15  0:51  Drone  
  15  0:55  Drone  
  17  0:58  Drone  
  18  1:08  Extractor  
  17  1:13  Spawning Pool  
  17  1:17  Drone  
  17  1:20  Drone  
  18  1:28  Drone  
  19  1:39  Drone  
  20  1:50  Drone  
  21  2:00  Queen x2  
  21  2:01  Drone  
  26  2:02  Zergling x2  
  27  2:10  Overlord  
  27  2:11  Drone, Metabolic Boost  
  28  2:28  Drone x2  
  30  2:35  Drone  
  31  2:39  Hatchery  
  31  2:42  Queen  
  32  2:47  Overlord  
  32  2:50  Drone  
  33  2:56  Drone x2  
  35  3:01  Zergling x2  
  36  3:06  Baneling Nest  
  36  3:07  Drone x2  
  36  3:09  Drone  
  36  3:12  Drone  
  39  3:15  Overlord  
  39  3:19  Zergling x2  
  40  3:21  Zergling x2  
  40  3:22  Drone  
  40  3:25  Drone  
  43  3:31  Lair  
  43  3:34  Extractor  
  42  3:36  Drone x2  
  42  3:39  Drone x2  
  46  3:42  Drone  
  46  3:45  Overlord  
  47  3:49  Drone x2  
  47  3:52  Drone  
  47  3:54  Drone  
  51  3:59  Overlord  
  51  4:02  Drone  
  52  4:03  Drone  
  52  4:05  Evolution Chamber, Drone  
  53  4:14  Drone  
  54  4:18  Extractor, Drone x2  
  54  4:19  Extractor, Drone x2, Roach Warren  
  54  4:21  Baneling  
  54  4:23  Drone x2  
  57  4:31  Drone, Spire  
  57  4:33  Drone  
  57  4:34  Drone  
  57  4:37  Spore Crawler  
  57  4:38  Drone  
  57  4:41  Drone x3  
  62  4:46  Zergling x6  
  62  4:51  Zergling x6  
  68  5:03  Zergling x10  
  68  5:05  Baneling x2  
  68  5:06  Extractor  
  69  5:07  Extractor  
  69  5:12  Baneling x2  
  69  5:13  Zergling x2  
  69  5:14  Zergling x10  
  74  5:17  Overlord  
  74  5:30  Overlord  
  74  5:38  Overlord x2  
  74  5:45  Mutalisk x4  
  74  5:49  Mutalisk x3  
  88  5:52  Mutalisk  
  88  5:53  Zergling x2  
  86  5:58  Zergling x10, Mutalisk  
  86  6:01  Zergling x4  
  89  6:04  Mutalisk  
  89  6:12  Mutalisk  
  89  6:15  Zergling x6  
  89  6:17  Mutalisk  
  95  6:27  Mutalisk  
  95  6:28  Zergling x4  
  95  6:29  Mutalisk  
  95  6:30  Zergling x2  
  95  6:31  Zergling x4  
  91  6:33  Zergling x2  
Tags
 
Add a new tag
Caveats
  • Supply blocks, unpowered buildings, or Contaminate may cause inaccurate times.
  • Supply counts are checked every 10 seconds.